 Dungeon Crawl Stone Soup version 0.21-a0-265-gb353147 (webtiles) character file.

479 Chiseanne the Skirmisher (level 7, -3/79 HPs)
             Began as an Ogre Wanderer on Sept 11, 2017.
             Splashed by Ijyb's acid (11 damage)
             ... on level 5 of the Dungeon.
             The game lasted 00:07:10 (5306 turns).

Chiseanne the Skirmisher (Ogre Wanderer)            Turns: 5306, Time: 00:07:10

Health: -3/79      AC: -5    Str: 15    XL:     7   Next: 11%
Magic:  7/7        EV: 17    Int: 14    God:
Gold:   260        SH:  0    Dex: 16    Spells: 6/6 levels left

rFire    . . .     SeeInvis .   a - +2 mace
rCold    . . .     Gourm    .   (no shield)
rNeg     . . .     Faith    .   d - +0 robe
rPois    .         Spirit   .   (helmet restricted)
rElec    .         Reflect  .   (no cloak)
rCorr    .         Harm     .   (gloves unavailable)
MR       .....                  (boots unavailable)
Stlth    +++.......             (no amulet)
HPRegen  0.23/turn              i - ring of stealth
MPRegen  0.10/turn              (no ring)

@: agile, corroded
A: unfitting armour, tough skin 1
a: no special abilities


You were on level 5 of the Dungeon.
You were not hungry.

You visited 1 branch of the dungeon, and saw 6 of its levels.

You collected 260 gold pieces.

Inventory:

Hand Weapons
 a - a +2 mace (weapon)
Missiles
 e - 117 stones (quivered)
 h - 33 poisoned needles
 m - 37 bolts
 p - a throwing net
 u - 68 arrows
 x - 65 sling bullets
Armour
 d - a +0 robe (worn)
Jewellery
 i - a ring of stealth (left hand)
Scrolls
 b - 3 scrolls of remove curse
 c - 4 scrolls of teleportation
 k - a scroll of immolation
 l - a scroll of blinking
Potions
 j - a potion of invisibility {unknown}
 n - 2 potions of haste
 q - a potion of lignification
 r - a potion of curing
 s - a potion of flight {unknown}
 z - a potion of agility
 A - a potion of heal wounds {unknown}
Books
 w - a book of Cantrips

   Spells                             Type                      Level
   a - Confusing Touch                Hexes                        1
   b - Animate Skeleton               Necromancy                   1
   c - Summon Small Mammal            Summoning                    1
   d - Apportation                    Translocation                1
Comestibles
 f - 3 bread rations
 g - 3 meat rations
 o - 4 royal jellies
 v - a chunk of flesh


   Skills:
 * Level 7.7 Fighting
 - Level 1.0(1.1) Maces & Flails
   Level 1.0(1.2) Staves
 * Level 4.0 Throwing
 * Level 4.4 Dodging


You had 6 spell levels left.
You didn't know any spells.

Dungeon Overview and Level Annotations

Branches:
Dungeon (6/15)
 Temple: D:4-7

Altars:
Cheibriados
Dithmenos
Kikubaaqudgha
Okawaru
Qazlal
Ru
Sif Muna
Wu Jian
Xom
Yredelemnul
Zin
The Shining One

Annotations:
D:5 Ijyb
D:6 Sigmund


Innate Abilities, Weirdness & Mutations

You are too large for most types of armour.
You have tough skin. (AC +1)


Message History

The acid burns!
It is a wand of acid (?/15).
Throwing (i - inventory. (,) - cycle):
t - 2 large rocks (quivered)
Press: ? - help, Shift-Dir - straight line, f/p - Ijyb
Aim: Ijyb, wearing a leather armour and carrying a wand of acid (?/15) {zapped: 1} You throw a large rock.
The large rock closely misses Ijyb.
Ijyb zaps a wand.
The bolt of acid hits you! The acid corrodes you!
You are splashed with acid!
The acid burns!
* * * LOW HITPOINT WARNING * * *
Ijyb throws a stone.
The stone completely misses you.
You feel agile all of a sudden.
Throwing (i - inventory. (,) - cycle):
t - a large rock (quivered)
Press: ? - help, Shift-Dir - straight line, f/p - Ijyb
Aim: Ijyb, wearing a leather armour and carrying a wand of acid (?/15) {zapped: 2} You throw a large rock.
The large rock hits Ijyb!
Ijyb is severely wounded.
Ijyb throws a stone.
The stone misses you.
Ijyb zaps a wand.
The bolt of acid hits you!
* * * LOW HITPOINT WARNING * * *
You are splashed with acid!
The acid burns!
You die...

###### ########..... . +
.......'..... (.#(
#############..... #..(
+...........'.....
.#.g[.####.....####.....
.......@('.....+........
.#.....###.....##.......
#.#### ##'''#########'
#####...####### #.
.§§##...#§§§§§# ##
§§§.§#.8.#§§§§§# #.
§§§§§#...#§§§.§# #.
§§§§§#...#§§.§§# #.
#§.§##...#.§§§§# #.


You could see Ijyb.

Vanquished Creatures
  A sky beast (D:5)
  An orc priest (D:4)
  An orc wizard (D:4)
  3 hounds
  A bullfrog skeleton (D:4)
  A worker ant (D:4)
  4 gnolls (D:3)
  8 adders
  A worm (D:2)
  2 dart slugs (D:1)
  2 leopard geckos
  2 orcs (D:4)
  3 giant cockroaches
  4 goblins
  4 hobgoblins
  6 jackals
  A quokka (D:4)
  2 ball pythons
  4 bats
  10 frilled lizards
  5 kobolds
  A quokka skeleton (D:5)
  12 rats
79 creatures vanquished.

Notes
Turn   | Place    | Note
-------+----------+-------------------------------------------
     0 | D:1      | Chiseanne the Ogre Wanderer began the quest for the Orb.
     0 | D:1      | Chiseanne set off with: a +2 mace, a +0 quarterstaff, a scroll of teleportation, a +0 robe, a bread ration
     0 | D:1      | Reached XP level 1. HP: 27/27 MP: 1/1
    67 | D:1      | Reached XP level 2. HP: 21/35 MP: 2/2
   563 | D:1      | Reached XP level 3. HP: 15/44 MP: 3/3
   885 | D:2      | Reached skill level 6 in Fighting
   929 | D:2      | Found a glowing golden altar of the Shining One.
  1369 | D:2      | Reached XP level 4. HP: 41/52 MP: 4/4
  1898 | D:2      | Found a deep blue altar of Sif Muna.
  2168 | D:3      | Found a sacrificial altar of Ru.
  2171 | D:3      | Found a shimmering altar of Xom.
  2174 | D:3      | Found an iron altar of Okawaru.
  2253 | D:3      | Found a shadowy altar of Dithmenos.
  2307 | D:3      | Reached XP level 5. HP: 56/61 MP: 5/5
  2845 | D:3      | You fall through a shaft for 3 floors!
  3367 | D:6      | Noticed Sigmund
  3370 | D:5      | Entered Level 5 of the Dungeon
  3370 | D:5      | Found a glowing silver altar of Zin.
  3370 | D:5      | Found a stormy altar of Qazlal.
  3370 | D:5      | Found an ancient bone altar of Kikubaaqudgha.
  3370 | D:5      | Found a deep blue altar of Sif Muna.
  3390 | D:5      | Found a snail-covered altar of Cheibriados.
  3661 | D:4      | Found a basalt altar of Yredelemnul.
  3810 | D:4      | Reached skill level 7 in Fighting
  3810 | D:4      | Reached XP level 6. HP: 71/71 MP: 6/6
  4869 | D:4      | Found an ornate altar of the Wu Jian Council.
  5299 | D:5      | Noticed a sky beast
  5302 | D:5      | Noticed Ijyb
  5302 | D:5      | Killed a sky beast
  5302 | D:5      | Reached XP level 7. HP: 79/79 MP: 7/7
  5306 | D:5      | Splashed by Ijyb's acid

Vault maps used:
D:1:      dpeg_arrival_pond
D:2:      nicolae_tso_swordbearing_angel, lemuel_blue_sif_altar
D:3:      grunt_temple_overflow_diamond, nicolae_overflow_crystal_walls
D:4:      lemuel_coloured_pillars_altar, yredelemnul_altar_generic,
          grunt_decor_mini_mirrors
D:5:      cheibriados_altar_1, nemelex_altar_shiori,
          nicolae_overflow_hidden_temple, first_bread, uniq_ijyb
D:6:      uniq_sigmund

Skill      XL: |  1  2  3  4  5  6 |
---------------+-------------------+-----
Dodging        | 2 3 4 |  4.4
Fighting       | 6 7 |  7.7
Throwing       | 3 4 |  4.0
Maces & Flails | |  1.0
Staves         | |  1.0

Action                   |  1- 3 |  4- 6 |  7- 9 || total
-------------------------+-------+-------+-------++-------
Melee: Mace              |   117 |   156 |       ||   273
Throw: Stone             |       |     1 |       ||     1
       Large rock        |       |     3 |     3 ||     6
  Use: Scroll            |       |    14 |       ||    14
       Potion            |       |     1 |     1 ||     2
 Stab: Distracted        |       |     1 |       ||     1
  Eat: Chunk             |     2 |    12 |       ||    14
Armor: Robe              |    79 |    33 |       ||   112
       Skin              |       |    15 |       ||    15
Dodge: Dodged            |   100 |   105 |     3 ||   208

Table legend:
 A = Spawn XP
 B = Non-spawn XP
 C = Spawn XP percentage of total XP
 D = Spawn monster count
 E = Non-spawn monster count
 F = Spawn count percentage of total count
 G = Total turns spent on level
                    A         B        C        D         E        F      G
               +---------+---------+-------+---------+---------+-------+---------
         Total |       0 |     685 |   0.0 |       0 |      79 |   0.0 |  5306
               +---------+---------+-------+---------+---------+-------+---------
           D:1 |       0 |      39 |   0.0 |       0 |      22 |   0.0 |   860
           D:2 |       0 |      50 |   0.0 |       0 |      23 |   0.0 |  1098
           D:3 |       0 |      95 |   0.0 |       0 |      14 |   0.0 |  1013
           D:4 |       0 |     268 |   0.0 |       0 |      12 |   0.0 |  1496
           D:5 |       0 |     178 |   0.0 |       0 |       6 |   0.0 |   311
           D:6 |       0 |      55 |   0.0 |       0 |       2 |   0.0 |   528
               +---------+---------+-------+---------+---------+-------+---------
